 Dungeon Crawl Stone Soup version 0.27-a0-1084-g78b3836a5f (webtiles) character file.

Game seed: 14447743100080588461

99 funkygono the Firebug (level 4, -4/33 HPs)
             Began as a Draconian Fire Elementalist on Apr 26, 2021.
             Slain by a black bear (6 damage)
             ... on level 2 of the Dungeon.
             The game lasted 00:04:02 (1798 turns).

funkygono the Firebug (Draconian Fire Elementalist) Turns: 1798, Time: 00:04:02

Health: -4/33      AC:  7    Str: 10    XL:     4   Next: 45%
Magic:  2/8        EV: 12    Int: 16    God:
Gold:   54         SH:  0    Dex: 12    Spells: 4/8 levels left

rFire    . . .     SeeInvis .   c - +0 rapier (flame)
rCold    . . .     Faith    .   (no shield)
rNeg     . . .     Spirit   .   (armour unavailable)
rPois    .         Reflect  .   (helmet restricted)
rElec    .         Harm     .   (no cloak)
rCorr    .         Rampage  .   (no gloves)
Will     .....                  d - +1 pair of boots
Stlth    ++........             (no amulet)
HPRegen  0.11/turn              (no ring)
MPRegen  0.11/turn              (no ring)

@: no status effects
A: AC +5, unfitting armour, cold-blooded
a: no special abilities


You were on level 2 of the Dungeon.
You visited 1 branch of the dungeon, and saw 2 of its levels.

You collected 54 gold pieces.

Inventory:

Hand Weapons
 c - a +0 rapier of flaming (weapon)
Missiles
 a - 37 stones
Armour
 d - a +1 pair of boots (worn)
Jewellery
 b - an amulet of guardian spirit
Potions
 e - a potion of flight {unknown}
 h - a potion of heal wounds


   Skills:
 + Level 0.3 Fighting
 + Level 1.8 Dodging
 - Level 1.7 Stealth
 * Level 2.7 Spellcasting
 * Level 2.0 Conjurations
 * Level 4.3 Fire Magic


You had 4 spell levels left.
You knew the following spells:

 Your Spells              Type           Power      Damage    Failure   Level
a - Foxfire               Conj/Fire      48%        2x1d6     5%          1
b - Conjure Flame         Conj/Fire      12%        6-21      16%         3

Your spell library contained the following spells:

 Spells                   Type           Power      Damage    Failure   Level
 Inner Flame              Hex/Fire       9%         N/A       24%         3
 Sticky Flame             Conj/Fire      12%        2d4       45%         4
 Fireball                 Conj/Fire      6%         3d5       82%         5


Dungeon Overview and Level Annotations

Branches:
Dungeon (2/15)

Altars:


Innate Abilities, Weirdness & Mutations

Your plain brown scales are hard. (AC +5)
You cannot fit into any form of body armour.
You are cold-blooded and may be slowed by cold attacks.


Message History

The black bear barely misses you. The black bear misses you.
The foxfire hits the black bear but does no damage.
The black bear is severely wounded.
The foxfire hits the black bear.
The black bear is severely wounded.
Casting: Foxfire (safe; 5% risk of failure)
Confirm with . or Enter, or press ? or * to list all spells.
You conjure some foxfire!
The black bear barely misses you.
The black bear claws you but does no damage. x2
The foxfire hits the black bear.
The black bear is almost dead.
The foxfire hits the black bear but does no damage.
The black bear is almost dead.
The black bear goes berserk!
Casting: Foxfire (safe; 5% risk of failure)
Confirm with . or Enter, or press ? or * to list all spells.
You miscast Foxfire.
You are very lightly contaminated with residual magic.
Nothing appears to happen.
The black bear bites you but does no damage.
The black bear misses you.
The black bear claws you but does no damage.
The black bear closely misses you.
The black bear claws you but does no damage. x2
The black bear bites you but does no damage.
The black bear claws you but does no damage.
The black bear misses you. The black bear bites you. The black bear claws you.
* * * LOW HITPOINT WARNING * * *
The black bear misses you.
Your magical contamination has completely faded away.
The black bear barely misses you. The black bear claws you.
* * * LOW HITPOINT WARNING * * *
The black bear claws you.
* * * LOW HITPOINT WARNING * * *
The black bear barely misses you. x2; The black bear completely misses you.
Casting: Foxfire (safe; 5% risk of failure)
Confirm with . or Enter, or press ? or * to list all spells.
You conjure some foxfire!
The black bear bites you.
You die...

#.# #.#.#.#.#........
#.####.#.#.#.#.##########.
#.#..#.#.#.#.#............
#.#..#†#.#.#.#....########
#......#.#.#.#....#####
#......#.#.#)#........#
#..........#.####.##.##
#......#.###...v..##.#
###......#......@v####.#
....####.########h####.#
##### #.# #......# .. #.#
######## ## #.# #.# .#


You could see a black bear (berserk, ally target).

Vanquished Creatures
  Jessica (D:2)
  Robin (D:2)
  An adder (D:2)
  2 dart slugs (D:2)
  A ball python (D:1)
  6 bats
  2 endoplasms
  4 giant cockroaches
  11 goblins (D:2)
  6 hobgoblins
  3 jackals (D:1)
  2 frilled lizards
  A kobold (D:1)
  3 rats (D:1)
44 creatures vanquished.

Vanquished Creatures (others)
  134 foxfires
  2 plants (D:1)
136 creatures vanquished.

Grand Total: 180 creatures vanquished

Notes
Turn   | Place    | Note
-------+----------+-------------------------------------------
     0 | D:1      | funkygono the Draconian Fire Elementalist began the quest
                  | for the Orb.
     0 | D:1      | Reached XP level 1. HP: 14/14 MP: 3/3
   195 | D:1      | Reached XP level 2. HP: 16/20 MP: 0/5
   796 | D:1      | Found a faded altar of an unknown god.
  1215 | D:2      | Reached XP level 3. HP: 26/26 MP: 3/6
  1255 | D:2      | Learned a level 3 spell: Conjure Flame
  1345 | D:2      | Noticed Jessica
  1351 | D:2      | Killed Jessica
  1352 | D:2      | Reached skill level 4 in Fire Magic
  1352 | D:2      | HP: 1/26 [poisoned by an adder]
  1358 | D:2      | Reached XP level 4. HP: 27/33 MP: 3/7
  1475 | D:2      | Noticed Robin
  1544 | D:2      | Killed Robin
  1771 | D:2      | Noticed a black bear
  1798 | D:2      | Slain by a black bear

Illustrated notes

Levels and vault maps discovered:
D:1:      tarquinn_simple_flora_water_a, layout_rooms,
          shapermc_ecumenical_altar_totnotflames, minmay_strange_pillars
D:2:      layout_basic, serial_shops, shop_statue, uniq_robin, uniq_jessica

Skill      XL: |  1  2  3  4 |
---------------+-------------+-----
Fire Magic     | 4 |  4.3
Conjurations   | 2 |  2.0
Fighting       | |  0.3
Dodging        | |  1.8
Stealth        | |  1.7
Spellcasting   | |  2.7

Action                   |  1- 3 |  4- 6 || total
-------------------------+-------+-------++-------
Melee: Rapier            |     6 |     6 ||    12
 Cast: Foxfire           |    51 |    33 ||    84
  Use: Scroll            |     4 |       ||     4
       Potion            |     1 |       ||     1
Armor: Skin              |    10 |    25 ||    35
Dodge: Dodged            |    17 |    28 ||    45

Table legend: (Time is in decaauts)
 A = Elapsed time spent in this place.
 B = Non-inter-level travel time spent in this place.
 C = Inter-level travel time spent in this place.
 D = Time resting spent in this place.
 E = Time spent auto-exploring this place.
 F = Levels seen in this place.
 G = Mean time per level.
                   A        B        C        D        E       F      G
               +--------+--------+--------+--------+--------+-----+--------+
         Total |   1799 |   1786 |     13 |     11 |   1394 |   2 |  899.5 |
       Dungeon |   1799 |   1786 |     13 |     11 |   1394 |   2 |  899.5 |
               +--------+--------+--------+--------+--------+-----+--------+

Top non-repeatable levels by time:
     D:1: 1056 daAuts
     D:2: 743 daAuts
